 Dungeon Crawl Stone Soup version 0.21.0 (webtiles) character file.

7671 Hildebrand the Fighter (level 11, -4/111 HPs)
             Began as a Gargoyle Fighter on Jan 6, 2018.
             Was a Believer of Okawaru.
             Engulfed by an ice statue's freezing vapour (10 damage)
             ... in an ice cave.
             The game lasted 00:43:37 (9161 turns).

Hildebrand the Fighter (Gargoyle Fighter)           Turns: 9161, Time: 00:43:39

Health: -4/111     AC: 32    Str: 23    XL:     11   Next: 18%
Magic:  0/11       EV:  2    Int:  8    God:    Okawaru [**....]
Gold:   528        SH: 11    Dex: 10    Spells: 10/10 levels left

rFire    + . .     SeeInvis .   w - +1 flail (protect)
rCold    . . .     Gourm    .   c - +0 shield
rNeg     + + +     Faith    .   (armour currently unavailable)
rPois    ∞         Spirit   +   (helmet currently unavailable)
rElec    .         Reflect  .   (cloak currently unavailable)
rCorr    +         Harm     .   (gloves currently unavailable)
MR       .....     NoTele   +   (boots currently unavailable)
Stlth    +.........             l - amulet of guardian spirit
HPRegen  0.28/turn              p - ring of protection from fire
MPRegen  0.12/turn              v - ring of resist corrosion

@: tree-form, protection aura
A: negative energy resistance 1, petrification resistance, rot immunity, AC +8
a: Heroism, Renounce Religion


You were in an ice cave.
You worshipped Okawaru.
Okawaru was pleased with you.
You were not hungry.
You were a tree.
You visited 3 branches of the dungeon, and saw 12 of its levels.
You also visited: Ice Cave.

You collected 528 gold pieces.

Inventory:

Hand Weapons
 a - a +1 flail of freezing
 w - a +1 flail of protection (weapon)
Missiles
 j - 19 tomahawks (quivered)
Armour
 c - a +0 shield (worn)
 e - a +1 pair of gloves (melded)
 s - a +0 chain mail (melded)
 H - a +2 hat of see invisible (melded)
Jewellery
 l - an amulet of guardian spirit (around neck)
 p - a ring of protection from fire (left branch)
 v - a ring of resist corrosion (right branch)
Wands
 z - a wand of digging (11)
 C - a wand of acid (5)
 E - a wand of flame (12)
Scrolls
 g - 3 scrolls of enchant weapon
 n - 5 scrolls of teleportation
 y - a scroll of blinking
 F - 4 scrolls of remove curse
Potions
 b - 2 potions of ambrosia
 d - a potion of might
 k - 2 potions of flight
 m - 9 potions of curing
 o - a potion of berserk rage
 q - 2 potions of cancellation
 r - 3 potions of resistance
 t - a potion of agility
 B - a potion of mutation
 G - a potion of invisibility
Books
 i - a book of Maledictions

   Spells                             Type                      Level
   a - Corona                         Hexes                        1
   b - Ensorcelled Hibernation        Hexes/Ice                    2
   c - Confuse                        Hexes                        3
   d - Tukima's Dance                 Hexes                        3
   e - Dazzling Spray                 Conjuration/Hexes            3
Comestibles
 f - 24 rations


   Skills:
 * Level 11.1 Fighting
 * Level 10.0 Maces & Flails
 + Level 8.2 Armour
 + Level 8.3 Shields


You had 10 spell levels left.
You didn't know any spells.

Dungeon Overview and Level Annotations

Branches:
Dungeon (10/15)            Temple (1/1) D:5            Lair (1/6) D:10
    Orc: D:9-12

Altars:
Ashenzari
Cheibriados
Dithmenos
Elyvilon
Fedhas
Gozag
Hepliaklqana
Kikubaaqudgha
Nemelex Xobeh
Okawaru
Qazlal
Ru
Sif Muna
Trog
Uskayaw
Vehumet
Wu Jian
Xom
Yredelemnul
Zin
The Shining One

Annotations:
IceCv exclusion: ice statue


Innate Abilities, Weirdness & Mutations

You are resistant to torment.
((Your stone body is resilient. (AC +8)))
You are immune to poison.
You resist negative energy. (rN+)
((You are resistant to electric shocks. (rElec)))
((You can survive without breathing.))
You are immune to petrification.
You are immune to rotting.


Message History

The ice statue is almost destroyed.
You are engulfed in freezing vapours.
* * * LOW HITPOINT WARNING * * *
The ice beast hits you but does no damage. x3
Really become a tree while standing in a cloud of freezing vapour? [Y]es or [N]o only, please.
Really become a tree while standing in a cloud of freezing vapour? [Y]es or [N]o only, please.
Really become a tree while standing in a cloud of freezing vapour? [Y]es or [N]o only, please.
Really become a tree while standing in a cloud of freezing vapour? [Y]es or [N]o only, please.
Really become a tree while standing in a cloud of freezing vapour?
You turn into a tree.
Your +2 hat of see invisible melds into your body.
Your +1 pair of gloves melds into your body.
Your +0 chain mail melds into your body.
You feel less perceptive.
Your roots penetrate the ground.
You are engulfed in freezing vapours.
You die...

..## #... ... ##..##
#....## ##.....## ####
#8YY....# ##..######
##♣Y....# #....##..##
###.......#
..........###.........##
.∩.∩.......#...........#
.......##....##........#
#....#####..####.......#
##..## #### #.......##
#### ####.#.## ####


You could see an ice statue and 3 ice beasts.

Vanquished Creatures
  2 two-headed ogres (D:8)
  Pikel (D:6)
  2 centaur zombies (D:10)
  An ice statue (IceCv)
  Prince Ribbit (D:7)
  A hippogriff (D:10)
  A hungry ghost (D:9)
  A water moccasin (D:10)
  3 porcupines
  An orc warrior (D:10)
  2 sky beasts
  2 phantoms
  A black bear (D:10)
  A necrophage (D:8)
  5 ogres
  3 centaurs
  13 crocodiles
  A big kobold (D:8)
  3 bullfrogs
  A scorpion (D:4)
  4 wights (D:7)
  2 howler monkeys
  A crimson imp (D:5)
  A jelly (D:7)
  3 orc priests
  4 hounds
  An orc wizard (D:7)
  A bullfrog skeleton (D:8)
  2 centaur skeletons
  12 iguanas
  6 worker ants
  A hound zombie (D:7)
  A worker ant zombie (D:8)
  4 gnolls (D:3)
  7 adders
  2 shadow imps
  2 white imps (IceCv)
  8 ufetubi (IceCv)
  An ooze (D:2)
  5 worms
  3 dart slugs
  13 leopard geckos
  22 orcs
  2 ball pythons
  4 giant cockroaches
  15 goblins
  10 hobgoblins
  13 jackals
  3 quokkas
  5 bats
  12 frilled lizards
  A jackal skeleton (D:4)
  8 kobolds
  7 rats
232 creatures vanquished.

Vanquished Creatures (others)
  2 slaves (D:6)
  A scorpion (D:6)
  2 white imps (IceCv)
  4 ufetubi (IceCv)
  4 orcs (D:6)
  4 fungi (D:10)
  A plant (D:10)
18 creatures vanquished.

Grand Total: 250 creatures vanquished

Notes
Turn   | Place    | Note
-------+----------+-------------------------------------------
     0 | D:1      | Hildebrand the Gargoyle Fighter began the quest for the Orb.
     0 | D:1      | Reached XP level 1. HP: 14/14 MP: 1/1
   224 | D:1      | Reached XP level 2. HP: 18/19 MP: 2/2
   370 | D:1      | Reached XP level 3. HP: 24/24 MP: 3/3
   722 | D:2      | Reached skill level 4 in Fighting
   842 | D:2      | Reached XP level 4. HP: 26/29 MP: 4/4
  1549 | D:3      | Reached XP level 5. HP: 31/34 MP: 5/5
  1904 | D:3      | Reached XP level 6. HP: 24/40 MP: 6/6
  2304 | D:3      | Reached skill level 5 in Fighting
  2907 | D:4      | Noticed a phantom
  2927 | D:4      | Killed a phantom
  2927 | D:4      | Reached XP level 7. HP: 33/45 MP: 7/7
  3140 | D:4      | Reached skill level 6 in Fighting
  3339 | D:4      | Found an opulent altar of Gozag.
  3404 | D:4      | Found a glowing golden altar of the Shining One.
  3546 | D:5      | Entered Level 5 of the Dungeon
  3563 | D:5      | Reached skill level 5 in Maces & Flails
  4028 | D:5      | Found a staircase to the Ecumenical Temple.
  4036 | Temple   | Entered the Ecumenical Temple
  4450 | D:6      | Found a sacrificial altar of Ru.
  4464 | D:6      | Reached skill level 5 in Shields
  4531 | D:6      | Noticed Pikel
  4551 | D:6      | Killed Pikel
  4551 | D:6      | Reached skill level 7 in Fighting
  4551 | D:6      | Reached skill level 5 in Armour
  4551 | D:6      | Reached XP level 8. HP: 21/53 MP: 8/8
  5385 | D:7      | Reached XP level 9. HP: 59/59 MP: 9/9
  5392 | D:7      | Reached skill level 8 in Fighting
  5469 | D:7      | Noticed Prince Ribbit
  5479 | D:7      | Killed Prince Ribbit
  5835 | D:7      | Found a white marble altar of Elyvilon.
  6079 | D:8      | Found a hazy altar of Hepliaklqana.
  6488 | D:8      | Reached skill level 9 in Fighting
  6626 | D:8      | Noticed a two-headed ogre
  6633 | D:8      | Killed a two-headed ogre
  6633 | D:8      | Reached XP level 10. HP: 40/66 MP: 6/10
  6672 | D:8      | Noticed a two-headed ogre
  6680 | D:8      | Killed a two-headed ogre
  6923 | D:9      | Found a snail-covered altar of Cheibriados.
  7100 | D:9      | Found a sparkling altar of Nemelex Xobeh.
  7100 | D:9      | Found an iron altar of Okawaru.
  7119 | D:9      | Became a worshipper of Warmaster Okawaru
  7177 | D:9      | Reached skill level 10 in Fighting
  7392 | D:10     | Entered Level 10 of the Dungeon
  7669 | D:10     | Reached * piety under Okawaru
  8059 | D:10     | Reached ** piety under Okawaru
  8181 | D:10     | Reached XP level 11. HP: 73/73 MP: 11/11
  8397 | D:10     | Reached skill level 11 in Fighting
  8682 | D:10     | Found a staircase to the Lair.
  8853 | Lair:1   | Entered Level 1 of the Lair of Beasts
  8893 | Lair:1   | Found a frozen archway.
  8898 | Lair:1   | Reached skill level 10 in Maces & Flails
  8916 | IceCv    | Entered an ice cave
  9160 | IceCv    | HP: 3/74 [ice statue] (4)]
  9161 | IceCv    | Engulfed by an ice statue's freezing vapour

Skill      XL: |  1  2  3  4  5  6  7  8  9 10 11 |
---------------+----------------------------------+-----
Fighting       | 4 5 7 9 10 11 | 11.1
Maces & Flails | 3 4 6 8 9 10 | 10.0
Shields        | 4 5 7 8 |  8.3
Armour         | 4 5 7 8 |  8.2

Action                   |  1- 3 |  4- 6 |  7- 9 | 10-12 || total
-------------------------+-------+-------+-------+-------++-------
Melee: Flail             |   118 |   233 |   293 |   351 ||   995
  Use: Scroll            |     5 |     6 |     7 |     8 ||    26
       Potion            |       |     1 |     2 |     2 ||     5
  Eat: Chunk             |       |     7 |     9 |     5 ||    21
       Ration            |       |       |     1 |     2 ||     3
Armor: Scale mail        |    57 |    98 |       |       ||   155
       Chain mail        |       |    18 |   179 |   193 ||   390
Dodge: Dodged            |    24 |    69 |    63 |    86 ||   242
Block: Shield            |    66 |   123 |   151 |   190 ||   530
